 Dungeon Crawl Stone Soup version 0.28-a0-429-g1448048969 (webtiles) character file.

Game seed: 2592378404052861438

7657 mathmaestro the Grappler (level 10, -1/111 HPs)
             Began as a Troll Monk on Sept 10, 2021.
             Slain by a four-headed hydra (11 damage)
             ... on level 1 of the Lair of Beasts.
             The game lasted 00:14:37 (7497 turns).

mathmaestro the Grappler (Troll Monk)               Turns: 7497, Time: 00:14:37

Health: -1/111     AC: 14    Str: 29    XL:     10   Next: 99%
Magic:  8/8        EV: 14    Int:  6    God:
Gold:   232        SH:  0    Dex: 12    Spells: 9/9 levels left

rFire   . . .      SeeInvis .   v - +5 mace (protect)
rCold   . . .      Faith    .   (no shield)
rNeg    . . .      Spirit   .   A - +1 robe of Servitude {Str+5}
rPois   +          Reflect  .   (helmet restricted)
rElec   .          Harm     .   x - scarf {repulsion}
rCorr   .          Rampage  .   (gloves unavailable)
Will    .....                   (boots unavailable)
Stlth   ++........              (no amulet)
HPRegen 1.28/turn               a - +4 ring of evasion
MPRegen 0.11/turn               (no ring)

@: under a protective aura, repel missiles
A: large, unfitting armour, claws 3, regeneration 1, shaggy fur 1, tough skin 1,
iridescent scales 1, low mp 1, poison resistance
a: no special abilities


You were on level 1 of the Lair of Beasts.
You visited 3 branches of the dungeon, and saw 11 of its levels.

You collected 540 gold pieces.
You spent 308 gold pieces at shops.

Inventory:

Hand Weapons
 v - a +5 mace of protection (weapon)
Missiles
 g - 185 stones
 h - 71 poisoned darts
 i - 82 sling bullets
 j - 164 arrows
 k - 4 boomerangs
 q - 77 bolts
 C - 6 silver boomerangs (quivered)
Armour
 x - a scarf of repulsion (worn)
 A - the +1 robe of Servitude (worn) {Str+5}
   (You found it on level 5 of the Dungeon)

   Str:       It affects your strength (+5).
Jewellery
 a - a +4 ring of evasion (left claw)
Wands
 m - a wand of flame (44)
 u - a wand of digging (5)
 B - a wand of polymorph (9)
 E - a wand of mindburst (28)
 G - a wand of iceblast (12)
 J - a wand of acid (3)
Scrolls
 b - a scroll of identify
 y - 7 scrolls of teleportation
 D - 2 scrolls of magic mapping
Potions
 c - a potion of lignification
 e - 3 potions of curing
 f - a potion of flight
 l - 2 potions of resistance
 o - 4 potions of brilliance
 p - 2 potions of cancellation
 r - a potion of mutation
 s - a potion of might {unknown}
 w - a potion of heal wounds
 F - a potion of attraction {unknown}
Miscellaneous
 d - a piece from Xom's chessboard (13/15)


   Skills:
 + Level 10.3 Fighting
 - Level 3.0 Dodging
 - Level 1.0 Stealth
 + Level 12.1 Unarmed Combat


You had 9 spell levels left.
You didn't know any spells.
Your spell library contained the following spells:

 Spells                   Type           Power      Damage    Failure   Level
 Beastly Appendage        Tmut           0%         N/A       45%         1
 Scorch                   Fire           0%         2d5       58%         2
 Slow                     Hex            0%         N/A       58%         2
 Static Discharge         Conj/Air       0%         N/A       58%         2
 Sublimation of Blood     Necr           0%         N/A       58%         2
 Wereblood                Tmut           0%         N/A       58%         2
 Confusing Touch          Hex            0%         N/A       83%         3
 Spider Form              Tmut/Pois      0%         N/A       83%         3
 Tukima's Dance           Hex            0%         N/A       83%         3
 Dispel Undead            Necr           0%         3d6       99%         4
 Flame Wave               Conj/Fire      0%         3d3       99%         4
 Passage of Golubria      Tloc           N/A        N/A       99%         4
 Petrify                  Tmut/Erth      0%         N/A       99%         4
 Sticky Flame             Conj/Fire      0%         2d3       99%         4
 Irradiate                Conj/Tmut      0%         3d14      100%        5
 Summon Mana Viper        Hex/Summ       0%         N/A       100%        5
 Yara's Violent Unravell  Hex/Tmut       0%         3d3       100%        5
 Summon Cactus Giant      Summ           0%         N/A       100%        6
 Haunt                    Necr/Summ      0%         N/A       100%        7
 Necromutation            Tmut/Necr      0%         N/A       100%        8


Dungeon Overview and Level Annotations

Branches:
Dungeon (9/15)             Temple (1/1) D:5            Lair (1/6) D:8
    Orc: D:9-12

Altars:
Ashenzari
Cheibriados
Elyvilon
Fedhas
Hepliaklqana
Makhleb
Nemelex Xobeh
Okawaru
Qazlal
Ru
Sif Muna
Trog
Uskayaw
Vehumet
Wu Jian
Xom
Yredelemnul
Zin
The Shining One

Shops:
D:3 [?   D:8 *

Annotations:
D:7 exclusion: ice statue
D:9 1 transporter


Innate Abilities, Weirdness & Mutations

You are too large for most types of armour.
You have claws for hands.
Your natural rate of healing is unusually fast.
You are covered in fur. (AC +1)
You have tough skin. (AC +1)
You are partially covered in iridescent scales. (AC +2)
Your magical capacity is low. (-10% MP)
Your system is resistant to poisons. (rPois)


Message History

You sock the four-headed hydra!
The four-headed hydra is severely wounded.
The four-headed hydra bites you but does no damage. x2
The four-headed hydra completely misses you.
The four-headed hydra bites you!
* * * LOW HITPOINT WARNING * * *
Unknown command.
You barely miss the four-headed hydra.
The four-headed hydra is severely wounded.
The four-headed hydra is no longer covered in acid.
The four-headed hydra barely misses you.
The four-headed hydra misses you.
The four-headed hydra bites you but does no damage.
The four-headed hydra barely misses you.
The four-headed hydra bites you but does no damage.
The four-headed hydra bites you.
* * * LOW HITPOINT WARNING * * *
The four-headed hydra bites you.
* * * LOW HITPOINT WARNING * * *
The four-headed hydra bites you but does no damage.
Unknown command.
You thump the four-headed hydra!
The four-headed hydra is almost dead.
The four-headed hydra barely misses you.
The four-headed hydra bites you.
* * * LOW HITPOINT WARNING * * *
The four-headed hydra bites you but does no damage.
The four-headed hydra bites you!
* * * LOW HITPOINT WARNING * * *
You sock the four-headed hydra! Your claw misses the four-headed hydra.
The four-headed hydra is almost dead.
The four-headed hydra bites you.
* * * LOW HITPOINT WARNING * * *
The four-headed hydra barely misses you.
The four-headed hydra bites you.
* * * LOW HITPOINT WARNING * * *
The four-headed hydra closely misses you. x2
The four-headed hydra bites you but does no damage.
The four-headed hydra bites you!
You die...

#...#†.........#
#............#..#
###...P........# ##
###.#............#
.................#
.................#
........P........# #####
........#.####..##......
................@D......
.....###.##.............
.....# ###...........$.
.....# #.............
.....# #.............
.....# #..###P#######
.....# #...# ### .....#
##..## ####.# ...#


You could see a four-headed hydra.

Vanquished Creatures
  2 death yaks
  Pikel (D:7)
  A cane toad (Lair:1)
  A troll (D:6)
  Sigmund (D:3)
  7 yaks
  A wyvern (D:8)
  A basilisk (Lair:1)
  A steam dragon (D:7)
  Edmund (D:5)
  5 water moccasins
  An ice beast (D:7)
  2 sky beasts
  2 orc warriors (D:7)
  A black bear (D:6)
  A necrophage (D:7)
  3 ogres
  A centaur (D:7)
  2 phantoms
  3 lemures (D:7)
  5 bullfrogs
  A scorpion (D:5)
  4 water moccasin zombies
  6 killer bees (D:8)
  3 wights (D:7)
  2 howler monkeys
  2 bullfrog zombies
  A jelly (D:5)
  A bullfrog skeleton (D:6)
  4 orc priests
  3 hounds
  2 centaur zombies
  2 iguanas
  Terence (D:2)
  Natasha (D:1)
  9 orc wizards
  2 hound zombies (D:5)
  2 hound skeletons
  A howler monkey zombie (D:8)
  Robin (D:2)
  4 gnolls (D:5)
  A howler monkey skeleton (D:7)
  8 adders
  A river rat (D:8)
  3 shadow imps (D:6)
  An ufetubus (D:6)
  2 worms
  4 dart slugs
  16 orcs
  7 bats
  4 endoplasms
  19 goblins
  6 hobgoblins
  2 jackals (D:2)
  4 quokkas
  8 ball pythons
  5 frilled lizards
  6 kobolds
  6 rats
198 creatures vanquished.

Vanquished Creatures (others)
  A plant (Lair:1)
1 creature vanquished.

Grand Total: 199 creatures vanquished

Notes
Turn   | Place    | Note
-------+----------+-------------------------------------------
     0 | D:1      | mathmaestro the Troll Monk began the quest for the Orb.
     0 | D:1      | Reached XP level 1. HP: 22/22 MP: 0/0
   153 | D:1      | Reached XP level 2. HP: 29/29 MP: 1/1
   527 | D:2      | Noticed Robin
   546 | D:2      | Noticed Natasha
   549 | D:1      | Reached XP level 3. HP: 25/36 MP: 2/2
   611 | D:1      | Killed Natasha
   647 | D:2      | Killed Robin
   648 | D:2      | Reached XP level 4. HP: 33/45 MP: 3/3
   842 | D:2      | Reached skill level 4 in Unarmed Combat
   985 | D:2      | Noticed Terence
   998 | D:2      | Killed Terence
  1295 | D:2      | Reached XP level 5. HP: 48/53 MP: 4/4
  1469 | D:3      | Noticed Sigmund
  1552 | D:3      | Killed Sigmund
  1553 | D:3      | Reached skill level 5 in Unarmed Combat
  1553 | D:3      | Reached XP level 6. HP: 35/62 MP: 5/5
  1696 | D:3      | Found a radiant altar of Vehumet.
  1961 | D:3      | Found Etub's Magic Scroll Emporium.
  1970 | D:3      | Bought a scroll of teleportation for 42 gold pieces
  1970 | D:3      | Bought a scroll of identify for 28 gold pieces
  1971 | D:3      | Bought a scroll of noise for 14 gold pieces
  2037 | D:3      | Found Pecveov's Antique Armour Shoppe.
  2225 | D:3      | Found a faded altar of an unknown god.
  2295 | D:3      | Reached XP level 7. HP: 70/71 MP: 6/6
  2451 | D:4      | Reached skill level 6 in Unarmed Combat
  2585 | D:4      | Reached skill level 5 in Fighting
  2785 | D:5      | Entered Level 5 of the Dungeon
  2822 | D:5      | Identified the +1 robe of Servitude {Str+5}
  2973 | D:5      | Gained mutation: Your muscles are strong. (Str +2) [potion
                  | of mutation]
  3010 | D:5      | Found a staircase to the Ecumenical Temple.
  3055 | Temple   | Entered the Ecumenical Temple
  3302 | D:5      | Found a shimmering blue altar of Sif Muna.
  3347 | D:5      | Reached skill level 7 in Unarmed Combat
  3370 | D:5      | Reached XP level 8. HP: 83/83 MP: 7/7
  3470 | D:5      | Found an ornate altar of the Wu Jian Council.
  3837 | D:5      | Noticed Edmund
  3850 | D:5      | Killed Edmund
  4293 | D:6      | Reached skill level 8 in Unarmed Combat
  4510 | D:6      | Lost mutation: Your muscles are strong. (Str +2) [potion of
                  | mutation]
  4510 | D:6      | Gained mutation: Your magical capacity is low. (-10% MP)
                  | [potion of mutation]
  4510 | D:6      | Gained mutation: Your system is resistant to poisons.
                  | (rPois) [potion of mutation]
  4510 | D:6      | Gained mutation: You are partially covered in iridescent
                  | scales. (AC +2) [potion of mutation]
  4644 | D:6      | Noticed a troll
  4650 | D:6      | Killed a troll
  4651 | D:6      | Reached XP level 9. HP: 65/93 MP: 7/7
  4887 | D:7      | Reached skill level 9 in Unarmed Combat
  4915 | D:7      | Noticed Pikel
  4984 | D:7      | Killed Pikel
  5110 | D:7      | Reached skill level 10 in Unarmed Combat
  5392 | D:7      | Reached XP level 10. HP: 63/106 MP: 8/8
  5602 | D:7      | Noticed an ice statue
  6090 | D:8      | Found Zin's Purification Station.
  6093 | D:8      | Found a glowing silver altar of Zin.
  6165 | D:8      | Reached skill level 11 in Unarmed Combat
  6198 | D:8      | Found a staircase to the Lair.
  6198 | D:8      | Noticed a death yak
  6204 | D:8      | Noticed a death yak
  6206 | D:8      | Noticed a death yak
  6219 | D:7      | Killed a death yak
  6399 | D:3      | Bought a scroll of blinking for 105 gold pieces
  6399 | D:3      | Bought a scroll of magic mapping for 49 gold pieces
  6399 | D:3      | Bought a scroll of identify for 28 gold pieces
  6399 | D:3      | Bought a scroll of teleportation for 42 gold pieces
  6693 | D:8      | Found a hazy altar of Hepliaklqana.
  6831 | D:8      | Killed a death yak
  6997 | D:8      | Reached skill level 10 in Fighting
  7023 | D:8      | Found a broken altar of Ashenzari.
  7049 | D:8      | Got the Catalogue of Creative Transmutation
  7102 | D:9      | Noticed a moth of wrath
  7102 | D:9      | Found a transporter.
  7128 | Lair:1   | Entered Level 1 of the Lair of Beasts
  7192 | Lair:1   | Noticed a cane toad
  7198 | Lair:1   | Killed a cane toad
  7320 | Lair:1   | Noticed a five-headed hydra
  7333 | Lair:1   | HP: 4/110 [five-headed hydra (2)]
  7333 | Lair:1   | HP: 1/110 [five-headed hydra (3)]
  7440 | Lair:1   | Reached skill level 12 in Unarmed Combat
  7484 | Lair:1   | Noticed a four-headed hydra
  7497 | Lair:1   | Slain by a four-headed hydra

Illustrated notes

Levels and vault maps discovered:
D:1:      kennysheep_arrival_seaside, layout_rooms
D:2:      layout_basic, uniq_robin, uniq_terence, uniq_natasha
D:3:      layout_loops_ring, vehumet_altar_wand_db,
          dilly_ecumenical_altar_fadedgnrine, serial_shops, nicolae_square_shop,
          shop, minmay_quantized, uniq_sigmund
D:4:      layout_basic
D:5:      layout_basic, mainiacjoe_overflow_small_starburst,
          kennysheep_mini_moat, minmay_temple_entry_glass, uniq_edmund
D:6:      layout_loops_ring, minmay_circle_x
D:7:      lemuel_ice_statue, layout_cave_pods, serial_park_tiny_pond,
          minmay_misc_feat_alley, minmay_strange_pillars, minmay_starry_boxes,
          uniq_pikel
D:8:      layout_loops_cross, ashenzari_conservatory_becter, zin_purify,
          mainiacjoe_overflow_alcove_4, dpeg_lair_monsters
D:9:      layout_loops_cross, mainiacjoe_overflow_brackets,
          gammafunk_ghost_wrathful_warriors
Temple:   nicolae_temple_figure_eight
Lair:1:   layout_chaotic_city

Skill      XL: |  1  2  3  4  5  6  7  8  9 10 |
---------------+-------------------------------+-----
Fighting       | 3 4 5 7 8 10 | 10.3
Dodging        | 3 |  3.0
Unarmed Combat | 4 5 7 8 10 12 | 12.1
Stealth        | |  1.0

Action                   |  1- 3 |  4- 6 |  7- 9 | 10-12 || total
-------------------------+-------+-------+-------+-------++-------
Melee: Unarmed           |    77 |   131 |   266 |   117 ||   591
       Punch             |     1 |     3 |    11 |     6 ||    21
       Mace              |       |       |       |    14 ||    14
Throw: Boomerang         |       |       |       |     3 ||     3
Evoke: Wand              |       |       |       |    12 ||    12
       Piece from Xom's  |       |       |       |     2 ||     2
  Use: Potion            |       |     2 |     2 |     1 ||     5
       Scroll            |       |     1 |     4 |    12 ||    17
 Stab: Distracted        |     1 |       |     1 |       ||     2
       Sleeping          |     1 |     5 |     4 |       ||    10
Armor: Robe              |    23 |       |    63 |    54 ||   140
       Animal skin       |       |    27 |     8 |       ||    35
       Skin              |       |     2 |       |       ||     2
Dodge: Dodged            |    40 |    45 |   133 |    95 ||   313
       Repelled          |       |     1 |     2 |     1 ||     4

Table legend: (Time is in decaauts)
 A = Elapsed time spent in this place.
 B = Non-inter-level travel time spent in this place.
 C = Inter-level travel time spent in this place.
 D = Time resting spent in this place.
 E = Time spent auto-exploring this place.
 F = Levels seen in this place.
 G = Mean time per level.
                   A        B        C        D        E       F      G
               +--------+--------+--------+--------+--------+-----+--------+
         Total |   7441 |   6949 |    492 |    400 |   5012 |  11 |  676.5 |
       Dungeon |   6854 |   6374 |    480 |    318 |   4613 |   9 |  761.6 |
        Temple |    219 |    207 |     12 |      0 |    207 |   1 |  219.0 |
          Lair |    367 |    367 |      0 |     82 |    192 |   1 |  367.0 |
               +--------+--------+--------+--------+--------+-----+--------+

Top non-repeatable levels by time:
     D:7: 1247 daAuts
     D:5: 1199 daAuts
     D:3: 887 daAuts
     D:2: 870 daAuts
     D:6: 812 daAuts
     D:8: 736 daAuts
     D:1: 587 daAuts
     D:4: 511 daAuts
  Lair:1: 367 daAuts
  Temple: 219 daAuts
     D:9: 1 daAuts
